 Dungeon Crawl Stone Soup version 0.29-a0-723-gce39da1c22 (webtiles) character file.

Game seed: 2198786347458473914

27222 gobodom the Tainter (level 13, -3/122 HPs)
             Began as a Naga Venom Mage on June 29, 2022.
             Slain by a black mamba (12 damage)
             ... on level 4 of the Lair of Beasts.
             The game lasted 01:37:40 (19198 turns).

gobodom the Tainter (Naga Venom Mage)              Turns: 19198, Time: 01:37:41

Health: -3/122     AC:  9    Str: 15    XL:     13   Next: 31%
Magic:  27/27      EV: 11    Int: 21    God:
Gold:   936        SH:  0    Dex: 12    Spells: 13/32 levels left

rFire   + + +      SeeInvis +   w - +10 quarterstaff of World Downfall {protect, rElec rF+++ Str+4 Int-5}
rCold   . . .      Faith    .   (shield currently unavailable)
rNeg    . . .      Spirit   .   D - +1 steam dragon scales
rPois   +          Reflect  .   (no helmet)
rElec   +          Harm     .   h - +0 cloak
rCorr   .          Rampage  .   u - +0 pair of gloves {hurl}
Will    +....                   (no barding)
Stlth   +++.......              o - amulet of magic regeneration
HPRegen 0.30/turn               I - +6 ring of intelligence
MPRegen 0.60/turn               z - ring of wizardry

@: lethally poisoned (-3 -> -5), about to teleport, very slow
A: AC +4, large, see invisible, deformed body, poison resistance, slowness 2,
spit poison 1, naga tail 2, fangs 1, robust 1
a: Spit Poison


You were on level 4 of the Lair of Beasts.
You visited 2 branches of the dungeon, and saw 13 of its levels.

You collected 936 gold pieces.

Inventory:

Hand Weapons
 a - a +2 flail of holy wrath
 e - a +5 quarterstaff of chaos
 i - a -1 demon whip of venom
 w - the +10 quarterstaff of World Downfall (weapon) {protect, rElec rF+++ Str+4 Int-5}
   (You found it on level 4 of the Dungeon)

   It grants its wielder temporary protection when it strikes (+7 to AC).
   Str:       It affects your strength (+4).
   Int:       It affects your intelligence (-5).
   rF:        It renders you almost immune to fire.
   rElec:     It insulates you from electricity.
 T - a +1 vorpal arbalest
Missiles
 n - 15 poisoned darts
 s - a boomerang
 J - 3 throwing nets
Armour
 h - a +0 cloak (worn)
 u - a +0 pair of gloves of hurling (worn)
 D - +1 steam dragon scales (worn)
 X - a +0 troll leather armour
Magical Staves
 l - a staff of poison
 t - a staff of death
Jewellery
 d - a ring of magical power
 f - a +4 ring of evasion
 j - a ring of protection from cold
 m - an amulet of the acrobat
 o - an amulet of magic regeneration (around neck)
 p - a ring of resist corrosion
 z - a ring of wizardry (right hand)
 B - an amulet of faith
 C - a ring of willpower
 I - a +6 ring of intelligence (left hand)
 P - a ring of willpower
 V - an amulet of reflection
Wands
 A - a wand of flame (27)
 N - a wand of iceblast (5)
Scrolls
 c - 3 scrolls of fog
 y - a scroll of amnesia
 H - a scroll of poison
 K - a scroll of magic mapping
 L - a scroll of enchant weapon
 M - a scroll of fear
 O - 6 scrolls of identify
Potions
 b - 2 potions of magic
 g - 4 potions of cancellation
 k - 2 potions of mutation
 q - 2 potions of resistance
 x - a potion of brilliance
 E - 4 potions of lignification
 G - a potion of ambrosia
 R - 2 potions of haste
Miscellaneous
 v - a condenser vane
 Q - a lightning rod (4/4)


   Skills:
 + Level 6.3 Fighting
 + Level 8.2 Staves
 + Level 4.8 Dodging
 + Level 6.4 Stealth
 + Level 1.0 Unarmed Combat
 + Level 10.4 Spellcasting
 + Level 1.1 Conjurations
 + Level 6.3 Transmutations
 + Level 6.4 Air Magic
 + Level 13.9 Poison Magic
 + Level 5.8 Evocations


You had 13 spell levels left.
You knew the following spells:

 Your Spells              Type           Power      Damage    Failure   Level
a - Sting                 Tmut/Pois      100%       1d8       1%          1
b - Poisonous Vapours     Pois/Air       100%       N/A       1%          2
c - Olgreb's Toxic Radia  Pois           62%        N/A       1%          4
d - Mephitic Cloud        Conj/Pois/Air  41%        N/A       1%          3
e - Spider Form           Tmut/Pois      52%        N/A       1%          3
f - Eringya's Noxious Bo  Tmut/Pois      26%        N/A       6%          6

Your spell library contained the following spells:

 Spells                   Type           Power      Damage    Failure   Level
 Beastly Appendage        Tmut           74%        N/A       1%          1
 Static Discharge         Conj/Air       26%        N/A       1%          2
 Wereblood                Tmut           37%        N/A       1%          2
 Petrify                  Tmut/Erth      24%        N/A       7%          4
 Lightning Bolt           Conj/Air       13%        1d26      16%         5
 Metabolic Englaciation   Hex/Ice        5%         N/A       52%         5
 Summon Forest            Summ/Tloc      5%         N/A       52%         5
 Summon Mana Viper        Hex/Summ       11%        N/A       52%         5
 Statue Form              Tmut/Erth      16%        N/A       67%         6
 Summon Cactus Giant      Summ           5%         N/A       97%         6
 Summon Hydra             Summ           5%         N/A       100%        7
 Maxwell's Capacitive Co  Air            18%        ∞         100%        8


Dungeon Overview and Level Annotations

Branches:
Dungeon (9/15)             Temple (0/1) D:5            Lair (4/6) D:9
 Spider (0/4) Lair:4          Orc (0/2) D:9
  Swamp: Lair:2-4    Shoals: Lair:2-4

Altars:
Ashenzari
Cheibriados
Elyvilon
Fedhas
Gozag
Kikubaaqudgha
Makhleb
Okawaru
Ru
Wu Jian
Yredelemnul

Shops:
D:2 =   D:5 =

Portals:
Abyss: D:6

Annotations:
D:6 1 runed translucent door, 2 transporters, zhov's ghost, novice TeHu


Innate Abilities, Weirdness & Mutations

Your serpentine skin is tough. (AC +4)
You have supernaturally acute eyesight. (SInv)
Armour fits poorly on your strangely shaped body.
Your system is resistant to poisons. (rPois)
You cover ground very slowly.
You can spit poison.
You can use your snake-like lower body to constrict enemies.
You have very sharp teeth.
You are robust. (+10% HP)


Message History

The black mamba bites you but does no damage.
The polar bear attacks as you move away!
The polar bear barely misses you. The polar bear completely misses you.
The polar bear claws you but does no damage.
The black mamba bites you. The black mamba bites you!
The black mamba bites you!
The black mamba attacks as you move away!
The black mamba closely misses you. x2; The polar bear goes berserk!
The black mamba bites you.
You are poisoned.
The black mamba poisons you!
You feel extremely sick.
The polar bear rages.
The black mamba bites you! The polar bear closely misses you.
The polar bear claws you. x2
You feel very sick. The black mamba bites you! The black mamba misses you.
You feel very sick. The black mamba bites you!
* * * LOW HITPOINT WARNING * * *
You miss the black mamba. Your grab misses the black mamba.
You feel sick. The black mamba completely misses you.
The black mamba barely misses you.
Casting: Mephitic Cloud (safe; 1% risk of failure)
Confirm with . or Enter, or press ? or * to list all spells.
Aiming: Sting (safe; 1% risk of failure)
Press: ? - help, Shift-Dir - straight line, f/p - polar bear
Aim: a polar bear (almost dead, berserk, very poisoned, 84% to hit)
The sting hits the black mamba.
The black mamba partially resists.
The black mamba is lightly wounded.
You feel sick.
The polar bear rages.
The black mamba bites you!
* * * LOW HITPOINT WARNING * * *
The black mamba bites you!
* * * LOW HITPOINT WARNING * * *
As you read the scroll of teleportation, it crumbles to dust.
You feel strangely unstable.
You feel sick. The black mamba bites you.
* * * LOW HITPOINT WARNING * * *
You feel sick. The black mamba barely misses you. The black mamba bites you!
You die...

### ### ### ### #.### #######
###..##..#######.####..####.##P..
...................P.............
#.....##...P##.......#..#P......
#.....##...##......#.##.........
.##..........##.....##.....#.†...
......##.......S@...##....#......
.##...........#h...........#.....
#....#......#......#....+......
#...##.....##.....##....P......
##........###......##.....P.....
+#............#..................
.................................
.................................
.................................


You could see a polar bear (berserk, very poisoned) and a black mamba.

Vanquished Creatures
  A hydra (Lair:2)
  A boulder beetle (Lair:3)
  A two-headed ogre (D:8)
  Amaemon (Lair:3)
  9 elephants
  5 black mambas
  An orange demon (Lair:3)
  9 cane toads
  3 rime drakes
  5 komodo dragons
  A troll (D:9)
  A hornet (D:8)
  16 blink frogs (Lair:2)
  A dream sheep (Lair:2)
  A jumping spider (Lair:4)
  5 culicivoras (Lair:4)
  Sigmund (D:2)
  A vampire (D:9)
  2 wyverns
  4 fire bats (Lair:1)
  A fire elemental (Lair:1)
  10 yaks
  A basilisk (Lair:2)
  3 redbacks (Lair:4)
  3 steam dragons
  12 water moccasins
  2 ice beasts
  2 black bears
  5 orc warriors
  18 wolves
  2 ogres
  A centaur (D:5)
  A phantom (D:5)
  15 bullfrogs
  2 gnoll sergeants
  2 scorpions (D:6)
  4 wights (D:9)
  17 killer bees
  An electric eel (Lair:4)
  2 howler monkeys
  5 hounds
  3 jellies
  Crazy Yiuf (D:2)
  4 orc priests
  2 iguanas
  A gnoll shaman (D:9)
  Terence (D:2)
  3 orc wizards
  Natasha (thrice) (D:4)
  18 gnolls
  9 adders
  2 white imps (D:7)
  3 ufetubi
  A worm (D:2)
  4 dart slugs
  26 orcs
  5 bats
  4 bat zombies (D:3)
  5 endoplasms
  4 giant cockroaches
  9 goblins
  11 hobgoblins
  3 jackals (D:1)
  3 quokkas
  5 ball pythons
  12 frilled lizards
  A jackal skeleton (D:6)
  8 kobolds
  3 rats
  A rat zombie (D:3)
333 creatures vanquished.

Vanquished Creatures (others)
  An orc (D:6)
  A bush (Lair:2)
  52 fungi
  73 plants
127 creatures vanquished.

Grand Total: 460 creatures vanquished

Notes
Turn   | Place    | Note
-------+----------+-------------------------------------------
     0 | D:1      | gobodom the Naga Venom Mage began the quest for the Orb.
     0 | D:1      | Reached XP level 1. HP: 15/15 MP: 3/3
    12 | D:1      | Noticed a minotaur skeleton
   156 | D:1      | Reached XP level 2. HP: 22/22 MP: 0/5
   755 | D:1      | Reached XP level 3. HP: 28/28 MP: 6/6
  1912 | D:2      | Reached skill level 5 in Poison Magic
  2050 | D:2      | Found a runed translucent door.
  2051 | D:2      | Noticed Crazy Yiuf
  2128 | D:2      | Found a broken altar of Ashenzari.
  2142 | D:2      | Noticed Terence
  2150 | D:2      | Killed Terence
  2151 | D:2      | Reached XP level 4. HP: 19/36 MP: 8/8
  2388 | D:2      | Noticed Sigmund
  2399 | D:2      | Learned a level 2 spell: Poisonous Vapours
  2418 | D:2      | Killed Sigmund
  2419 | D:2      | Reached skill level 6 in Poison Magic
  2419 | D:2      | Reached XP level 5. HP: 19/43 MP: 4/10
  2419 | D:2      | Reached XP level 6. HP: 22/50 MP: 4/11
  2690 | D:2      | Found Litad's Jewellery Shop.
  2803 | D:2      | Gained mutation: You are robust. (+10% HP) [potion of
                  | mutation]
  2803 | D:2      | Gained mutation: You have very sharp teeth. [potion of
                  | mutation]
  2833 | D:2      | Killed Crazy Yiuf
  3070 | D:3      | Reached skill level 1 in Air Magic
  3503 | D:3      | Found an iron altar of Okawaru.
  3593 | D:3      | Found an ancient bone altar of Kikubaaqudgha.
  4097 | D:4      | Noticed Natasha
  4103 | D:4      | Killed Natasha
  4110 | D:4      | Reached XP level 7. HP: 56/61 MP: 13/13
  4383 | D:4      | Noticed Natasha
  4389 | D:4      | Reached skill level 1 in Fighting
  4389 | D:4      | Reached skill level 1 in Staves
  4389 | D:4      | Reached skill level 1 in Evocations
  4399 | D:4      | Killed Natasha
  4413 | D:4      | Identified the +10 quarterstaff of World Downfall {protect,
                  | rElec rF+++ Str+4 Int-5}
  4545 | D:4      | Found an ornate altar of the Wu Jian Council.
  4545 | D:4      | Found a snail-covered altar of Cheibriados.
  4716 | D:4      | Noticed Natasha
  4723 | D:4      | Killed Natasha
  4892 | D:5      | Entered Level 5 of the Dungeon
  5154 | D:5      | Reached skill level 7 in Poison Magic
  5154 | D:5      | Reached XP level 8. HP: 53/72 MP: 11/14
  5377 | D:5      | Found Maatelig's Jewellery Shop.
  5726 | D:5      | Found a staircase to the Ecumenical Temple.
  5916 | D:6      | Reached skill level 5 in Spellcasting
  5916 | D:6      | Found a runed translucent door.
  5933 | D:6      | Found a basalt altar of Yredelemnul.
  6108 | D:6      | Found a transporter.
  6119 | D:6      | Noticed zhov's ghost (novice TeHu)
  6202 | D:6      | Reached XP level 9. HP: 20/80 MP: 16/16
  6207 | D:6      | Reached skill level 8 in Poison Magic
  6498 | D:6      | Found a one-way gate to the infinite horrors of the Abyss.
  6511 | D:6      | Found a transporter.
  8129 | D:8      | Noticed a two-headed ogre
  8141 | D:8      | Noticed a hornet
  8151 | D:8      | Killed a two-headed ogre
  8158 | D:8      | HP: 4/81 [killer bee (4)]
  8162 | D:8      | Reached skill level 9 in Poison Magic
  8550 | D:8      | Reached XP level 10. HP: 78/89 MP: 19/19
  8622 | D:8      | Reached skill level 5 in Evocations
  8628 | D:8      | Learned a level 4 spell: Olgreb's Toxic Radiance
  8695 | D:8      | Reached skill level 5 in Staves
  8926 | D:8      | Learned a level 3 spell: Mephitic Cloud
  8942 | D:8      | Found an opulent altar of Gozag.
  9154 | D:8      | Found a burning altar of Makhleb.
  9159 | D:8      | Found a white marble altar of Elyvilon.
  9159 | D:8      | Found a blossoming altar of Fedhas.
  9163 | D:8      | Found a sacrificial altar of Ru.
  9222 | D:9      | Found a staircase to the Lair.
  9812 | D:9      | Found a staircase to the Orcish Mines.
 10155 | D:9      | Reached skill level 5 in Stealth
 10901 | Lair:1   | Entered Level 1 of the Lair of Beasts
 11072 | Lair:1   | Reached skill level 10 in Poison Magic
 11092 | Lair:1   | HP: 4/93 [yak (13)]
 11103 | Lair:1   | Reached XP level 11. HP: 8/101 MP: 22/22
 11559 | Lair:1   | Reached skill level 5 in Transmutations
 12903 | Lair:1   | Identified a scroll of acquirement
 12903 | Lair:1   | Acquired a book of Lightning
 13198 | Lair:2   | Reached skill level 11 in Poison Magic
 13208 | Lair:2   | Noticed a four-headed hydra
 13231 | Lair:2   | Killed a four-headed hydra
 13397 | Lair:2   | HP: 5/102 [poisoned by a cane toad]
 13890 | Lair:2   | Reached skill level 5 in Air Magic
 14058 | Lair:2   | Learned a level 3 spell: Spider Form
 14210 | Lair:2   | HP: 4/102 [blink frog (3)]
 14554 | Lair:2   | Reached skill level 1 in Unarmed Combat
 14554 | Lair:2   | Reached skill level 12 in Poison Magic
 14554 | Lair:2   | Reached XP level 12. HP: 78/110 MP: 25/25
 14948 | Lair:2   | Learned a level 6 spell: Eringya's Noxious Bog
 14973 | Lair:2   | Reached skill level 5 in Fighting
 16120 | Lair:3   | Noticed a boulder beetle
 16138 | Lair:3   | Killed a boulder beetle
 16208 | Lair:3   | Reached skill level 10 in Spellcasting
 16208 | Lair:3   | Reached skill level 13 in Poison Magic
 16674 | Lair:3   | Noticed Amaemon
 16822 | Lair:3   | Killed Amaemon
 17525 | Lair:4   | Reached skill level 1 in Conjurations
 17539 | Lair:4   | Gained mutation: You can use your snake-like lower body to
                  | constrict enemies. [Naga growth]
 17539 | Lair:4   | Reached XP level 13. HP: 47/122 MP: 16/27
 17954 | Lair:4   | Found a hole to the Spider Nest.
 19198 | Lair:4   | Slain by a black mamba

Illustrated notes

Levels and vault maps discovered:
D:1:      shiori_arrival_whats_in_store_for_you, layout_basic,
          shapermc_ecumenical_altar_petra
D:2:      layout_basic, basic_altar, serial_shops, nicolae_square_shop,
          minmay_lizard_king, uniq_crazy_yiuf_cottage, uniq_terence,
          uniq_sigmund
D:3:      layout_loops_ring, mainiacjoe_overflow_alcove_2,
          lemuel_zombie_altar_kikubaaqudgha, hangedman_decor_riveting
D:4:      layout_basic, gammafunk_temple_overflow_elements,
          hangedman_decor_diamond_cutter, glass_columns_a, minmay_checkerbox,
          uniq_natasha
D:5:      layout_loops_ring, minmay_temple_entry_poolview, serial_shops,
          nicolae_stop_n_shop_2
D:6:      layout_basic, dk_yredelemnul_ordeal, gammafunk_ghost_abyssal_escape
D:7:      layout_basic
D:8:      layout_cave_pools, nicolae_overflow_hallway_of_the_gods
D:9:      layout_basic, dpeg_oklobed_lair, david_orc_2, minmay_curled_crystal,
          minmay_between
Lair:1:   layout_gridlike, serial_forest, infiniplex_forest_corner_1,
          infiniplex_forest_lined_3_way, infiniplex_forest_clump_C,
          infiniplex_forest_straight_2, infiniplex_forest_straight_4,
          minivault_25
Lair:2:   layout_regular_city, minmay_holes, nzn_random_ring
Lair:3:   layout_cave_pods, serial_bayou_shore_b, grunt_megastairs_1,
          serial_bayou_shore_b, infiniplex_staircase_pool_2, uniq_amaemon
Lair:4:   beast_lair_carwin_large_1, layout_regular_city, swamp_mist_pool,
          nicolae_spider_entry_tight_spaces, infiniplex_staircase_pool

Skill      XL: |  1  2  3  4  5  6  7  8  9 10 11 12 13 |
---------------+----------------------------------------+-----
Poison Magic   | 5 6 7 9 10 12 13 | 13.9
Spellcasting   | 3 4 5 6 7 9 10 | 10.4
Transmutations | 2 3 4 5 6 |  6.3
Air Magic      | 1 2 3 4 5 6 |  6.4
Dodging        | 2 3 4 |  4.8
Fighting       | 1 2 4 5 6 |  6.3
Staves         | 1 3 4 5 6 7 8 |  8.2
Evocations     | 2 3 4 5 |  5.8
Stealth        | 4 5 6 |  6.4
Unarmed Combat | 1 |  1.0
Conjurations   | 1 |  1.1

Action                   |  1- 3 |  4- 6 |  7- 9 | 10-12 | 13-15 || total
-------------------------+-------+-------+-------+-------+-------++-------
Melee: Unarmed           |    13 |    16 |       |    10 |       ||    39
       Quarterstaff      |       |    48 |   148 |   263 |    56 ||   515
       Bite              |       |     3 |     9 |    32 |    10 ||    54
       Staff             |       |       |    17 |       |       ||    17
       Constrict         |       |       |       |       |     9 ||     9
 Cast: Sting             |    87 |    40 |    63 |   117 |    16 ||   323
       Poisonous Vapours |       |    16 |    76 |    97 |    16 ||   205
       Olgreb's Toxic Ra |       |       |       |    42 |     7 ||    49
       Mephitic Cloud    |       |       |       |     9 |     6 ||    15
       Spider Form       |       |       |       |     1 |       ||     1
       Eringya's Noxious |       |       |       |     2 |       ||     2
 Abil: Spit Poison       |     1 |     1 |       |     1 |       ||     3
Evoke: Wand              |       |       |     5 |    45 |     1 ||    51
       Lightning rod     |       |       |       |     6 |     1 ||     7
       Condenser vane    |       |       |       |     1 |       ||     1
  Use: Scroll            |     3 |     3 |     3 |    17 |     3 ||    29
       Potion            |       |     3 |     5 |     1 |     1 ||    10
 Stab: Sleeping          |       |     1 |     2 |     3 |       ||     6
       Distracted        |       |       |       |     1 |       ||     1
       Confused          |       |       |       |     3 |       ||     3
Armor: Robe              |    13 |    30 |    26 |       |       ||    69
       Steam dragon scal |       |       |    57 |   172 |    46 ||   275
Dodge: Dodged            |    33 |    75 |   241 |   231 |    69 ||   649

Table legend: (Time is in decaauts)
 A = Elapsed time spent in this place.
 B = Non-inter-level travel time spent in this place.
 C = Inter-level travel time spent in this place.
 D = Time resting spent in this place.
 E = Time spent auto-exploring this place.
 F = Levels seen in this place.
 G = Mean time per level.
                   A        B        C        D        E       F      G
               +--------+--------+--------+--------+--------+-----+--------+
         Total |  22683 |  22195 |    488 |   4163 |  13285 |  13 | 1744.8 |
       Dungeon |  13237 |  12876 |    361 |    910 |   9072 |   9 | 1470.8 |
          Lair |   9445 |   9318 |    127 |   3253 |   4213 |   4 | 2361.2 |
               +--------+--------+--------+--------+--------+-----+--------+

Top non-repeatable levels by time:
  Lair:2: 2720 daAuts
  Lair:1: 2565 daAuts
  Lair:3: 2337 daAuts
     D:9: 2040 daAuts
     D:7: 1970 daAuts
     D:1: 1889 daAuts
  Lair:4: 1822 daAuts
     D:2: 1591 daAuts
     D:3: 1359 daAuts
     D:6: 1271 daAuts
     D:5: 1136 daAuts
     D:4: 1033 daAuts
     D:8: 943 daAuts
